 Dungeon Crawl Stone Soup version 0.22-a0-565-gfc6459a (webtiles) character file.

112 inc the Conjurer (level 4, -3/27 HPs)
             Began as an Octopode Fire Elementalist on June 28, 2018.
             Engulfed by a cloud of steam (14 damage)
             ... in a sewer.
             The game lasted 00:04:32 (2682 turns).

inc the Conjurer (Octopode Fire Elementalist)       Turns: 2682, Time: 00:04:32

Health: -3/27      AC:  1    Str:  7    XL:     4   Next: 95%
Magic:  4/7        EV: 13    Int: 18    God:
Gold:   152        SH:  0    Dex: 12    Spells: 6/7 levels left

rFire    . . .     SeeInvis .   i - +0 short sword
rCold    + . .     Gourm    .   (no shield)
rNeg     . . .     Faith    .   (helmet restricted)
rPois    .         Spirit   .   (no amulet)
rElec    .         Reflect  .   d - ring of protection from cold
rCorr    .         Harm     .   (no ring)
MR       .....                  (no ring)
Stlth    ++++......             (no ring)
HPRegen  0.09/turn              (no ring)
MPRegen  0.10/turn              (no ring)
                                (no ring)
                                (no ring)

@: no status effects
A: almost no armour, stealthy swim, amphibious, 8 rings, constrict 8, camouflage
1, gelatinous body 1
a: no special abilities


You were in a sewer.
You were not hungry.

You visited 1 branch of the dungeon, and saw 3 of its levels.
You also visited: Sewer.

You collected 152 gold pieces.

Inventory:

Hand Weapons
 i - a +0 short sword (weapon)
Jewellery
 d - a ring of protection from cold (left tentacle)
 e - an uncursed ring of ice
 m - an uncursed ring of ice
Scrolls
 h - a scroll of teleportation {unknown}
 k - a scroll of fear {unknown}
 l - a scroll of magic mapping {unknown}
Potions
 a - a potion of flight {unknown}
 b - a potion of brilliance
 f - a potion of degeneration {unknown}
 g - a potion of haste
 j - a potion of cancellation {unknown}
 n - a potion of berserk rage {unknown}
 o - 2 potions of resistance {unknown}
Comestibles
 c - 7 rations
 p - 2 chunks of flesh


   Skills:
 - Level 2.0 Dodging
 - Level 2.6 Stealth
 - Level 2.0 Spellcasting
 + Level 3.8 Conjurations
 + Level 3.8 Fire Magic


You had 6 spell levels left.
You knew the following spells:

 Your Spells              Type           Power        Failure   Level  Hunger
a - Flame Tongue          Conj/Fire      ###..        3%          1    #......

Your spell library contained the following spells:

 Spells                   Type           Power        Failure   Level  Hunger
 Fireball                 Conj/Fire      ###.......   71%         5    ######.
 Conjure Flame            Conj/Fire      ###.....     11%         3    ###....
 Throw Flame              Conj/Fire      ###...       5%          2    ###....
 Sticky Flame             Conj/Fire      ###.....     36%         4    #####..
 Inner Flame              Hex/Fire       #.......     24%         3    ###....


Dungeon Overview and Level Annotations

Branches:
Dungeon (3/15)

Altars:


Innate Abilities, Weirdness & Mutations

You cannot wear most types of armour.
You are very stealthy in the water. (Stealth+)
You are amphibious.
You can wear up to eight rings at the same time.
You can use your tentacles to constrict eight enemies at once.
Your skin changes colour to match your surroundings (Stealth+).
Your rubbery body absorbs attacks. (AC +1, EV +1)


Message History

You kill the adder!
Casting: Flame Tongue (safe; 3% risk of failure)
Confirm with . or Enter, or press ? or * to list all spells.
Aiming: Flame Tongue (safe; 3% risk of failure)
Press: ? - help, Shift-Dir - straight line, f - bat
Aim: a bat The flame tongue hits the bat.
The bat is heavily wounded.
You are engulfed in a cloud of scalding steam.
The bat hits you.
Casting: Flame Tongue (safe; 3% risk of failure)
Confirm with . or Enter, or press ? or * to list all spells.
Aiming: Flame Tongue (safe; 3% risk of failure)
Press: ? - help, Shift-Dir - straight line, f/p - bat
Aim: a bat (heavily wounded)
The flame tongue hits the bat.
You kill the bat!
You are engulfed in a cloud of scalding steam.
Ouch! That really hurt!
You die...

#################
≈≈≈≈≈≈≈≈≈≈≈≈≈≈≈≈≈
≈≈≈≈≈≈≈≈≈§§§≈≈≈≈≈
.≈≈≈≈≈≈≈@§§.≈≈≈≈
###≈≈≈≈§§§.≈###
#≈≈≈##.≈...≈#
########.≈.#
##≈....
.≈≈≈≈≈≈≈≈≈≈#
##...
≈≈≈≈≈≈≈≈.≈.# ..
...≈≈≈≈≈≈≈≈# .
########≈≈≈# ##
###### #≈≈.#


There were no monsters in sight!

Vanquished Creatures
  2 adders
  5 oozes
  5 worms
  A dart slug (D:1)
  2 leopard geckos
  4 bats
  3 giant cockroaches
  6 goblins
  5 hobgoblins
  5 kobolds
  A quokka (D:2)
  6 ball pythons
  3 frilled lizards (D:2)
  9 rats
57 creatures vanquished.

Notes
Turn   | Place    | Note
-------+----------+-------------------------------------------
     0 | D:1      | inc the Octopode Fire Elementalist began the quest for the Orb.
     0 | D:1      | Reached XP level 1. HP: 11/11 MP: 3/3
    97 | D:1      | Reached XP level 2. HP: 12/17 MP: 1/5
   703 | D:2      | Reached XP level 3. HP: 21/21 MP: 3/6
  2010 | D:3      | Noticed an ogre
  2077 | D:3      | Found a glowing drain.
  2084 | D:3      | Reached XP level 4. HP: 20/27 MP: 4/7
  2112 | Sewer    | Entered a sewer
  2682 | Sewer    | Engulfed by a cloud of steam

Vault maps used:
D:1:      denvon_arrival_planthouse
D:2:      first_ration, kennysheep_minor_cross, kennysheep_cross_bottleneck,
          minmay_pentomino_o2
D:3:      lemuel_round_altar, portal_sewer_entry_d,
          nicolae_tso_swordbearing_angel
Sewer:    sewer_fruit_machine

Skill      XL: |  1  2  3 |
---------------+----------+-----
Conjurations   | 2 3 |  3.8
Dodging        | |  2.0
Stealth        | |  2.6
Spellcasting   | |  2.0
Fire Magic     | |  3.8

Action                   |  1- 3 |  4- 6 || total
-------------------------+-------+-------++-------
Melee: Unarmed           |    28 |       ||    28
       Constrict         |    16 |     3 ||    19
       Tentacles         |     8 |     5 ||    13
       Short sword       |    22 |    12 ||    34
 Cast: Flame Tongue      |    27 |    29 ||    56
  Use: Scroll            |       |     2 ||     2
 Stab: Sleeping          |     8 |     2 ||    10
  Eat: Chunk             |     1 |     2 ||     3
       Ration            |     1 |       ||     1
Armor: Skin              |     1 |     2 ||     3
Dodge: Dodged            |    33 |    16 ||    49

Table legend:
 A = Spawn XP
 B = Non-spawn XP
 C = Spawn XP percentage of total XP
 D = Spawn monster count
 E = Non-spawn monster count
 F = Spawn count percentage of total count
 G = Total turns spent on level
                    A         B        C        D         E        F      G
               +---------+---------+-------+---------+---------+-------+---------
         Total |       0 |     161 |   0.0 |       0 |      57 |   0.0 |  2682
               +---------+---------+-------+---------+---------+-------+---------
           D:1 |       0 |      30 |   0.0 |       0 |      18 |   0.0 |   699
           D:2 |       0 |      36 |   0.0 |       0 |      15 |   0.0 |  1229
           D:3 |       0 |      24 |   0.0 |       0 |       7 |   0.0 |   184
         Sewer |       0 |      71 |   0.0 |       0 |      17 |   0.0 |   570
               +---------+---------+-------+---------+---------+-------+---------
